 Dungeon Crawl Stone Soup: Circus Animals version 1.7-37-g2c94cca (webtiles) character file.

83619 Ihatecarrots00 the Swordmaster (level 29, -14/371 (378) HPs) *EASY*
             Began as a Lava Orc Berserker on Sept 2, 2016.
             Was the Champion of Trog.
             Killed by drain life
             ... invoked by a soul eater
              (20 damage)
             ... in the Vestibule of Hell on Sept 8, 2016.
             The game lasted 06:41:31 (110212 turns).

Ihatecarrots00 the Swordmaster (LOBe)             Turns: 110212, Time: 06:41:32

HP:   -14/371 (378) AC: 54    Str: 31 (32) XL:     29   Next: 90%
MP:   100/100       EV: 11    Int: 13      God:    Trog [******]
Gold: 5425          SH:  0    Dex: 16      Spells: 0 memorised, 28 levels left

rFire  + + +     rPois    +     F - +9 triple sword (speed)
rCold  + . .     rElec    .     M - +12 gold dragon armour
rNeg   . . .     rCorr    +     (shield currently unavailable) MagicSh . . . SeeInvis +
                                P - +2 helmet StaminaSh . . . Faith .
                                p - +2 cloak "Janiru" {rPois} RegenHP ++++++....
SustAt .                        N - +2 pair of gloves {Dex+3} RegenSP +++++..... Dismiss .
                                m - +0 pair of boots "Hin Vasm" {RegenHP+ rCorr SInv} RegenMP +++....... Reflect .
                                j - amulet "Feog" {RegenSP rF++ Str+3 Dex+3 SP+25}
MR     +....     Harm     .     J - ring "Warr" {Slay+3 SInv}
Stlth  ..........               D - +4 ring of strength

@: lethally poisoned (-14 -> -14), exhausted, liquid flames, tired, glowing,
studying 2 skills, drained, slow, somewhat resistant to hostile enchantments,
extremely unstealthy
A: talons 1, clever 1, deterioration 2, screaming 1, slow health regeneration 1,
weak 2, weak dna 1, slow stamina regeneration 1, AC +7
a: Berserk, Trog's Hand, Brothers in Arms, Burn Spellbooks, Renounce Religion
}: 8/20 runes: decaying, serpentine, barnacled, slimy, elven, silver, gossamer,
creeping


You were in the Vestibule of Hell.
You worshipped Trog.
Trog was exalted by your worship.
You were not hungry.

You visited 14 branches of the dungeon, and saw 68 of its levels.
You visited the Abyss 1 time.

You collected 14489 gold pieces.
You spent 9064 gold pieces at shops.

Inventory:

Hand Weapons
 e - the +8 frozen axe "Frostbite" {freezing cloud, *Noise +Fly rC+}
   (Trog gifted it to you on level 4 of the Crypt)

   It has been specially enchanted to freeze those struck by it, causing extra
   injury to most foes and up to half again as much damage against particularly
   susceptible opponents.
   It can also slow down cold-blooded creatures.
   It protects you from cold.
   It lets you fly.
   It may make noises in combat.
 g - a +9 triple sword of protection
 i - the +6 scimitar of Flaming Death {sticky flame, rPois rF++ rC- MR+}
   (You found it on level 4 of the Elven Halls)

   It has been specially enchanted to burn those struck by it, causing extra
   injury to most foes and up to half again as much damage against particularly
   susceptible opponents.
   Big, fiery blades are also staple armaments of hydra-hunters.
   It greatly protects you from fire.
   It makes you vulnerable to cold.
   It protects you from poison.
   It affects your resistance to hostile enchantments.
 A - a +9 arbalest of shredding
 B - a +2 demon blade of flaming
 F - a +9 triple sword of speed (weapon)
 H - the +4 demon blade "Juacog" {flame, rF+ rC+ MP+25 Stlth-, thuis}
   (You found it on level 6 of the Lair of Beasts)

   It has been specially enchanted to burn those struck by it, causing extra
   injury to most foes and up to half again as much damage against particularly
   susceptible opponents.
   Big, fiery blades are also staple armaments of hydra-hunters.
   It protects you from fire.
   It protects you from cold.
   It affects your magic capacity (+25).
   It makes you less stealthy.
 K - a +2 demon blade of flaming
 S - a +0 demon blade
 T - a +3 demon trident of flaming
 X - the +6 great sword of Ykadghiho {slice, rPois rC+ Dex+2 Stlth+}
   (You found it on level 4 of the Spider Nest)

   It inflicts extra damage upon your enemies.
   It affects your dexterity (+2).
   It protects you from cold.
   It protects you from poison.
   It makes you more stealthy.
Missiles
 d - 1316 bolts of flame
Armour
 h - a +2 helmet of intelligence
 m - the +0 pair of boots "Hin Vasm" (worn) {RegenHP+ rCorr SInv}
   (You bought it in a shop on level 1 of the Snake Pit)

   It lets you see invisible.
   It increases your rate of regeneration.
   It protects you from acid and corrosion.
 p - the +2 cloak "Janiru" (worn) {rPois}
   (You found it on level 4 of the Elven Halls)

   It protects you from poison.
 q - the +10 plate armour "Xecvy" {rCorr Str+2}
   (You found it on level 6 of the Dungeon)

   It affects your strength (+2).
   It protects you from acid and corrosion.
 s - the +15 Maxwell's patent armour {-Cast -Tele rElec MR+ rCorr}
   (You bought it in a shop on level 2 of the Shoals)

   It insulates you from electricity.
   It affects your resistance to hostile enchantments.
   It prevents spellcasting.
   It prevents most forms of teleportation.
   It protects you from acid and corrosion.
 w - the +2 plate armour "Tores" {RegenHP+ rCorr Stlth+}
   (You found it on level 4 of the Vaults)

   It increases your rate of regeneration.
   It protects you from acid and corrosion.
   It makes you more stealthy.
 M - a +12 gold dragon armour (worn)
 N - a +2 pair of gloves of dexterity (worn)
 P - a +2 helmet (worn)
 Q - a troll hide
Jewellery
 a - an uncursed ring of magical power
 b - the amulet of Ilacyeh {rElec RegenHP+ Int+2}
   (You found it on level 1 of the Crypt)

   [amulet of health regeneration]

   It affects your intelligence (+2).
   It insulates you from electricity.
   It increases your rate of regeneration.
 c - the amulet of Bayppucu {rElec MR+ RegenHP+}
   (You found it on level 1 of the Crypt)

   [amulet of health regeneration]

   It insulates you from electricity.
   It affects your resistance to hostile enchantments.
   It increases your rate of regeneration.
 f - the ring of Ruczotri {rN+ Dex+5}
   (You found it on level 4 of the Crypt)

   [ring of positive energy]

   It affects your dexterity (+5).
   It protects you from negative energy.
 j - the amulet "Feog" (around neck) {RegenSP rF++ Str+3 Dex+3 SP+25}
   (You bought it in a shop on level 4 of the Snake Pit)

   [amulet of stamina regeneration]

   It increases your stamina regeneration.
   It affects your strength (+3).
   It affects your dexterity (+3).
   It greatly protects you from fire.
   It affects your stamina capacity (+25).
 k - the ring "Esaidaf" {rPois rC+ rN+ Int+3}
   (You found it on level 4 of the Crypt)

   [ring of positive energy]

   It affects your intelligence (+3).
   It protects you from cold.
   It protects you from poison.
   It protects you from negative energy.
 z - the ring of the Philosopher {rN+ Dex+4}
   (You found it on level 4 of the Crypt)

   [ring of positive energy]

   It affects your dexterity (+4).
   It protects you from negative energy.
 D - a +4 ring of strength (left hand)
 G - the amulet "Qextucvu" {Dismiss rN+}
   (You acquired it on level 4 of the Depths)

   [amulet of dismissal]

   It may teleport away creatures that harm you.
   It protects you from negative energy.
 J - the ring "Warr" (right hand) {Slay+3 SInv}
   (You bought it in a shop on level 2 of the Snake Pit)

   [ring of slaying]

   It affects your accuracy and damage with ranged weapons and melee attacks
   (+3).
   It lets you see invisible.
 U - a +1 ring of evasion
Wands
 l - a wand of acid (53/105)
 n - a wand of slowing (140/288)
 o - a wand of paralysis (26/48)
 r - a wand of random effects (52/96)
 t - a wand of iceblast (56/114)
 u - a wand of polymorph (48/96)
 v - a wand of flame (114/240)
 y - a wand of lightning (35/120)
 E - a wand of enslavement (33/72)
 I - a wand of confusion (185/384)
 L - a wand of teleportation (12/45)
 O - a wand of digging (60/144)
 R - a wand of heal wounds (0/9)
 Y - a wand of disintegration (15/48)
Scrolls
 e - 8 scrolls of torment
 h - 6 scrolls of summoning
 k - 16 scrolls of magic mapping
 p - 36 scrolls of teleportation
 q - 13 scrolls of immolation
 r - 15 scrolls of fog
 x - 14 scrolls of noise
 z - 3 scrolls of enchant armour
 C - 23 scrolls of remove curse
 E - 13 scrolls of fear
 F - 19 scrolls of blinking
 I - 11 scrolls of recharging
 K - 4 scrolls of vulnerability
 P - 9 scrolls of identify
Potions
 b - 68 potions of stamina
 c - 50 potions of magic
 d - 59 potions of curing
 g - 15 potions of might
 i - 21 potions of ambrosia
 j - 41 potions of lignification
 l - 6 potions of cure mutation
 m - 6 potions of beneficial mutation
 n - 22 potions of flight
 o - 20 potions of agility
 s - 22 potions of degeneration
 t - 12 potions of mutation
 v - 15 potions of haste
 w - 25 potions of brilliance
 A - 13 potions of invisibility
 B - 73 potions of weak mutation
 D - 8 potions of resistance
 H - 8 potions of cancellation
Books
 a - a book of Misfortune

   Spells                             Type                      Level
   a - Confusing Touch                Darkness                     1
   b - Confuse                        Hexes/Darkness               3
   c - Gell's Gravitas                Hexes/Translocation          3
   d - Petrify                        Transmutation/Earth          4
   e - Metabolic Englaciation         Hexes/Ice                    5
   f - Yara's Violent Unravelling     Hexes/Transmutation          5
   Trog disapproves of the use of such an item.
 f - a book of Clouds

   Spells                             Type                      Level
   a - Mephitic Cloud                 Conjuration/Poison/Air       3
   b - Conjure Flame                  Conjuration/Fire             3
   c - Poisonous Cloud                Conjuration/Poison/Air       6
   d - Freezing Cloud                 Conjuration/Ice/Air          6
   e - Ring of Flames                 Charms/Fire                  7
   Trog disapproves of the use of such an item.
 y - a book of Alchemy

   Spells                             Type                      Level
   a - Sublimation of Blood           Necromancy                   2
   b - Ignite Poison                  Fire/Transmutation/Poison    3
   c - Petrify                        Transmutation/Earth          4
   d - Alistair's Intoxication        Hexes/Transmutation/Poison   5
   e - Irradiate                      Conjuration/Light            5
   Trog disapproves of the use of such an item.
 G - a book of Dreams

   Spells                             Type                      Level
   a - Ensorcelled Hibernation        Hexes/Ice/Time               2
   b - Silence                        Hexes/Air/Darkness           5
   c - Darkness                       Hexes/Darkness               6
   d - Shadow Creatures               Summoning/Darkness           6
   Trog disapproves of the use of such an item.
 J - a book of Alchemy

   Spells                             Type                      Level
   a - Sublimation of Blood           Necromancy                   2
   b - Ignite Poison                  Fire/Transmutation/Poison    3
   c - Petrify                        Transmutation/Earth          4
   d - Alistair's Intoxication        Hexes/Transmutation/Poison   5
   e - Irradiate                      Conjuration/Light            5
   Trog disapproves of the use of such an item.
 L - a book of Alchemy

   Spells                             Type                      Level
   a - Sublimation of Blood           Necromancy                   2
   b - Ignite Poison                  Fire/Transmutation/Poison    3
   c - Petrify                        Transmutation/Earth          4
   d - Alistair's Intoxication        Hexes/Transmutation/Poison   5
   e - Irradiate                      Conjuration/Light            5
   Trog disapproves of the use of such an item.
 M - a book of Maledictions

   Spells                             Type                      Level
   a - Corona                         Hexes/Light                  1
   b - Ensorcelled Hibernation        Hexes/Ice/Time               2
   c - Confuse                        Hexes/Darkness               3
   d - Tukima's Dance                 Hexes/Summoning              3
   e - Dazzling Spray                 Conjuration/Hexes/Light      3
   Trog disapproves of the use of such an item.
 N - a book of Fire

   Spells                             Type                      Level
   a - Ignite Poison                  Fire/Transmutation/Poison    3
   b - Fireball                       Conjuration/Fire/Light       5
   c - Bolt of Fire                   Conjuration/Fire             6
   d - Delayed Fireball               Conjuration/Fire/Time        7
   e - Ring of Flames                 Charms/Fire                  7
   Trog disapproves of the use of such an item.
 O - a book of the Earth

   Spells                             Type                      Level
   a - Leda's Liquefaction            Hexes/Earth                  4
   b - Bolt of Magma                  Conjuration/Fire/Earth       5
   c - Statue Form                    Transmutation/Earth/Time     6
   d - Iron Shot                      Conjuration/Earth            6
   e - Shatter                        Earth                        9
   Trog disapproves of the use of such an item.
 Q - a Necronomicon

   Spells                             Type                      Level
   a - Haunt                          Necromancy/Summoning         7
   b - Borgnjor's Revivification      Necromancy                   8
   c - Death's Door                   Charms/Necromancy/Time       8
   d - Infestation                    Necromancy                   8
   e - Necromutation                  Transmutation/Necromancy     8
   Trog disapproves of the use of such an item.
 R - a book of Conjurations

   Spells                             Type                      Level
   a - Magic Dart                     Conjuration                  1
   b - Searing Ray                    Conjuration/Light            2
   c - Dazzling Spray                 Conjuration/Hexes/Light      3
   d - Fulminant Prism                Conjuration/Hexes/Time       4
   e - Iskenderun's Mystic Blast      Conjuration/Ice              4
   f - Iskenderun's Battlesphere      Conjuration/Charms/Light     5
   Trog disapproves of the use of such an item.
 S - a book of Clouds

   Spells                             Type                      Level
   a - Mephitic Cloud                 Conjuration/Poison/Air       3
   b - Conjure Flame                  Conjuration/Fire             3
   c - Poisonous Cloud                Conjuration/Poison/Air       6
   d - Freezing Cloud                 Conjuration/Ice/Air          6
   e - Ring of Flames                 Charms/Fire                  7
   Trog disapproves of the use of such an item.
 T - a manual of Air Magic Trog disapproves of the use of such an item.
 U - a book of Summonings

   Spells                             Type                      Level
   a - Recall                         Summoning/Translocation      3
   b - Aura of Abjuration             Summoning/Poison/Time        5
   c - Summon Demon                   Summoning/Darkness           5
   d - Summon Forest                  Summoning/Translocation/Earth 5
   e - Summon Mana viper              Hexes/Summoning              5
   f - Shadow Creatures               Summoning/Darkness           6
   Trog disapproves of the use of such an item.
 V - a book of Dreams

   Spells                             Type                      Level
   a - Ensorcelled Hibernation        Hexes/Ice/Time               2
   b - Silence                        Hexes/Air/Darkness           5
   c - Darkness                       Hexes/Darkness               6
   d - Shadow Creatures               Summoning/Darkness           6
   Trog disapproves of the use of such an item.
 W - an Akashic Record

   Spells                             Type                      Level
   a - Dispersal                      Translocation/Air            6
 b - Malign Gateway Summoning/Translocation/Darkne7
 c - Disjunction Translocation/Time 8
 d - Controlled Blink Translocation 8 Trog disapproves of the use of such an item.
 X - a book of Fire

   Spells                             Type                      Level
   a - Ignite Poison                  Fire/Transmutation/Poison    3
   b - Fireball                       Conjuration/Fire/Light       5
   c - Bolt of Fire                   Conjuration/Fire             6
   d - Delayed Fireball               Conjuration/Fire/Time        7
   e - Ring of Flames                 Charms/Fire                  7
   Trog disapproves of the use of such an item.
 Y - a book of Spatial Translocations

   Spells                             Type                      Level
   a - Apportation                    Translocation                1
   b - Blink                          Translocation                2
   c - Shroud of Golubria             Charms/Translocation         2
   d - Portal Projectile              Translocation/Air            3
   e - Teleport Other                 Hexes/Translocation          3
   f - Passage of Golubria            Translocation/Air            4
   Trog disapproves of the use of such an item.
 Z - a manual of Light Magic Trog disapproves of the use of such an item.
Miscellaneous
 x - a phial of floods
 C - a disc of storms


   Skills:
 + Level 26.4(26.3) Fighting
 * Level 31.9(31.8) Long Blades
 - Level 10.2(10.1) Axes
 * Level 22.3(22.2) Crossbows
 * Level 14.8(14.7) Throwing
 + Level 24.4(24.3) Armour
 + Level 18.9(18.8) Dodging


You had 28 spell levels left.
You didn't know any spells.

Dungeon Overview and Level Annotations

Branches:
  Crypt (4/4) Forest:4     Depths (7/7) Forest:7    Dungeon (7/7)
  Dwarf (0/4) Orc:2           Elf (4/4) Orc:2        Forest (7/7) Orc:7
   Lair (7/7) D:7             Orc (7/7) Lair:7       Shoals (4/4) Lair:5
  Slime (4/4) Forest:3      Snake (4/4) Lair:6       Spider (4/4) Orc:3
  Swamp (4/4) Lair:4         Tomb (0/4) Depths:3     Vaults (4/4) Forest:2
   Hell (1/1)                 Zot (0/7) Depths:7
    Coc: Hell:1         Dis: Hell:1         Geh: Hell:1         Tar: Hell:1

Altars:
Ashenzari
Gozag
Kikubaaqudgha
Nemelex Xobeh
Okawaru
Trog
Xom
Yredelemnul
The Shining One
Beogh
Jiyva

Shops:
Depths:3 :   D:6 ([:   Elf:4 **   Orc:3 }=*[(*   Orc:7 [((*   Shoals:1 [
Shoals:2 **:(?*   Snake:1 [=[*(?   Snake:2 =!!?   Snake:3 ?   Snake:4 *[=*
Vaults:3 [[*

Portals:
Abyss: Depths:4 Depths:5 Depths:6
Pandemonium: Depths:3 Depths:4
Hell: Depths:1 Depths:2 Depths:3 Depths:4 Depths:5 Depths:6 Depths:7
Ziggurat: Depths:7


Innate Abilities, Weirdness & Mutations

Your scales are hard. (AC +7)
You have sharp toenails.
Your mind is acute. (Int +2)
Your body often deteriorates upon taking damage.
You occasionally shout uncontrollably at your foes.
You regenerate health slowly.
You are very weak. (Str -4)
You are slightly more likely to lose good mutations.
You regenerate stamina slowly.


Message History

2 gargoyles, a necromancer, a red devil and an ice devil come into view.
A war gargoyle is wielding a morningstar of protection.
The red devil is wielding a vampiric trident.
You shout at the necromancer!
Nothing appears to happen.
You are covered in liquid flames! (hp-1)
You feel sick.
You hear a shout!
You hear a bark!
You hear a hideous shriek!
You hear an angry squeal.
The reaper hits you but does no damage.
The sun demon hits you but does no damage.
The reaper hits you but does no damage. The balrug gestures at you.
The sticky flame hits you!
You are covered in liquid flames!
The soul eater draws from the surrounding life force! (hp-29)
* * * LOW HITPOINT WARNING * * *
The soul eater draws from the surrounding life force! (hp-23)
* * * LOW HITPOINT WARNING * * *; The green death gestures at you.
The poison arrow misses you.
The poison arrow misses the skeletal warrior.
The poison arrow hits the lorocyproca.
The lorocyproca partially resists.
The lorocyproca is poisoned. (mon hp-29)
The soul eater draws from the surrounding life force! (hp-20)
You die...

................
...z............
..4.............
..........#...5.
......p.....!...
....Z3#rzZhzz.#.
....ZZ2zZz2z....
....Z43Z3z#4....
..9.Z32z@2h3z...
....#4h2#22h#...
.....phhh2h33...
......45.h#4r...
....43.∩3h.444..
......#.... Z4#.
..........p4..9.
....... .#. ...


You could see 3 lorocyprocas, 2 reapers, a balrug, 2 green deaths, 10 skeletal
warriors, 5 soul eaters, 7 hell hogs, 3 sun demons, a war gargoyle, 5 ice
devils, 3 necromancers, a molten gargoyle, 7 red devils, 2 hell hounds, 2 hell
rats, 2 crimson imps, a two-headed hydra zombie, an iron dragon zombie, a giant
centipede zombie, a fire giant zombie, a titan zombie, a gelid demonspawn
zombie, a two-headed hydra skeleton, a storm dragon skeleton and a titan
skeleton.

Vanquished Creatures
  the Royal Jelly (Slime:4)
  A juggernaut (shapeshifter) (Depths:7)
  Mennas (Crypt:1)
  4 juggernauts
  An ancient lich (Vaults:4)
  Mara (Spider:4)
  2 shard shrikes (shapeshifter)
  4 giant centipedes
  Saint Roka (Depths:6)
  Bai Suzhen (Crypt:2)
  Frederick (Crypt:4)
  Geryon (Hell)
  the Lernaean hydra (Swamp:4)
  3 bone dragons
  Sojobo (Forest:2)
  6 golden dragons
  Nikola (Vaults:2)
  An iron giant (shapeshifter) (Depths:6)
  16 caustic shrikes
  6 tentacled monstrosities
  2 quicksilver dragons
  A shard shrike skeleton (Crypt:3)
  the Enchantress (Forest:7)
  5 deep elf blademasters
  10 liches
  2 titans (shapeshifter)
  21 acid blobs
  4 titans
  12 sphinxes
  Asterion (Spider:2)
  4 revenants
  A draconian monk (Depths:7)
  Polyphemus (Shoals:2)
  A kraken (Shoals:4)
  9 storm dragons
  6 shadow dragons
  A ghost moth (shapeshifter) (Depths:3)
  Louise (Depths:5)
  7 curse skulls
  2 balrugs
  3 reapers (Crypt:4)
  Kirke (Snake:1)
  10 frost giants
  10 deep elf sorcerers
  Ilsuiw (Shoals:4)
  13 thorn hunters
  7 ancient champions
  Roxanne (Shoals:3)
  16 tengu reavers
  A draconian zealot (Depths:7)
  12 vault wardens
  Donald (Shoals:4)
  An iron dragon (Vaults:4)
  A caustic shrike skeleton (Crypt:1)
  13 deep elf elementalists
  2 ghost moths (Spider:4)
  A white draconian (Depths:7)
  15 ironheart preservers
  17 fire giants
  Wiglaf (Forest:7)
  3 war gargoyles (Vaults:4)
  22 azure jellies
  9 greater nagas
  2 black draconians (Depths:7)
  6 emperor scorpions
  46 very ugly things
  An ettin (shapeshifter) (Depths:5)
  Maud (Orc:4)
  6 orc warlords
  12 deep elf annihilators
  A blizzard demon (Abyss:4)
  5 deep elf demonologists
  4 entropy weavers
  Aizul (Forest:1)
  20 ghouls
  A green death (Crypt:4)
  8 eidola
  32 jiangshi
  5 large abominations
  33 stone giants
  2 quicksilver dragon zombies
  21 spriggan defenders
  A mummy priest (Crypt:1)
  8 death oozes (Slime:4)
  26 fire dragons
  3 rakshasas
  9 deep elf death magi
  11 apis
  17 dire elephants
  2 giant centipede zombies
  47 spark wasps
  19 great orbs of eyes
  An alligator (shapeshifter) (Depths:1)
  35 vampire knights
  12 merfolk javelineers
  28 ice dragons
  6 merfolk impalers
  14 centaur warriors
  33 ettins
  An anaconda (shapeshifter) (Elf:2)
  30 deep troll earth magi
  30 yaktaur captains
  10 sun demons (Hell)
  3 shadow wraiths
  9 deep elf high priests
  A catoblepas (Shoals:2)
  A titan zombie (Crypt:2)
  6 merfolk avatars
  49 dancing weapons
  8 soul eaters
  2 storm dragon zombies
  3 ghost crabs
  A shock serpent (shapeshifter) (Elf:2)
  An unseen horror (Crypt:4)
  20 iron trolls
  2 anaconda zombies (Crypt:4)
  9 merfolk aquamancers
  15 alligators
  5 giant orange brains
  39 vault guards
  A swamp dragon (shapeshifter) (Depths:4)
  7 small abominations
  10 flayed ghosts
  32 hydras
  A titan skeleton (Crypt:1)
  A putrid demonspawn (Depths:4)
  27 spriggan air magi
  27 naga warriors
  Harold (Orc:3)
  33 anacondas
  19 satyrs
  An entropy weaver zombie (Crypt:1)
  2 golden dragon skeletons
  29 death yaks
  2 shadow dragon zombies
  A mana viper (shapeshifter) (Depths:1)
  A wolf spider zombie (Crypt:1)
  59 skeletal warriors
  2 wizards
  A death drake (shapeshifter) (Vaults:3)
  4 death knights
  25 deep troll shamans
  15 ogre magi
  13 tengu warriors
  63 spriggan berserkers
  24 vampire magi
  2 golden dragon zombies
  40 deep elf archers
  2 lindwurms (shapeshifter)
  A griffon (shapeshifter) (Depths:4)
  A hell hog zombie (Crypt:2)
  2 hill giants (Vaults:1)
  12 orc high priests
  4 frost giant zombies
  15 ironbrand convokers
  3 iron dragon zombies
  9 shock serpents
  10 shining eyes
  118 deep elf magi
  An anubis guard (shapeshifter) (Vaults:4)
  Urug (Lair:3)
  An apocalypse crab (Abyss:3)
  10 swamp dragons
  A harpy (shapeshifter) (Elf:1)
  A hell hog skeleton (Crypt:3)
  2 shadow dragon skeletons
  38 deep elf knights
  19 naga sharpshooters
  2 smoke demons
  13 sea snakes
  A shining eye (shapeshifter) (Elf:2)
  A spiny frog (shapeshifter) (Depths:4)
  2 tengu skeletons
  A stone giant skeleton (Crypt:1)
  2 iron dragon skeletons
  2 dire elephant zombies
  A fire giant skeleton (Crypt:2)
  73 hell knights
  A shock serpent zombie (Crypt:4)
  68 ugly things
  60 deep trolls
  21 shambling mangroves
  4 eyes of devastation
  A frost giant skeleton (Depths:3)
  An emperor scorpion zombie (Crypt:4)
  2 salamander mystics
  A yaktaur (shapeshifter) (Depths:3)
  A shock serpent skeleton (Crypt:4)
  A hellwing (Depths:4)
  2 guardian mummies
  31 orb spiders
  2 black mambas (shapeshifter)
  4 fire crabs
  32 harpies
  An eye of devastation (shapeshifter) (Vaults:2)
  2 red devils
  An ancient zyme (Abyss:4)
  A troll (shapeshifter) (Depths:5)
  A catoblepas zombie (Crypt:2)
  16 manticores
  7 spriggan druids
  17 vault sentinels
  A death yak zombie (Crypt:4)
  9 naga ritualists
  A merfolk (shapeshifter) (Depths:2)
  23 necromancers
  A harpy zombie (Crypt:4)
  4 moths of wrath
  37 phantasmal warriors
  12 freezing wraiths
  A golden dragon simulacrum (Crypt:2)
  15 griffons
  A raiju (Abyss:4)
  25 orc knights
  A catoblepas skeleton (Crypt:2)
  A mottled draconian skeleton (Crypt:1)
  6 water nymphs
  50 wolf spiders
  15 oklob plants
  3 hydra zombies
  A wolf spider simulacrum (Crypt:1)
  3 human zombies
  A jumping spider zombie (Crypt:1)
  2 elf zombies
  10 mana vipers
  17 cyclopes
  A queen bee (shapeshifter) (Vaults:4)
  51 fauns
  2 ynoxinuls
  19 hornets
  19 orc sorcerers
  An alligator zombie (Crypt:2)
  6 flying skulls (Crypt:2)
  26 salamanders
  21 elephants (Lair:7)
  3 ettin zombies
  A black mamba zombie (Crypt:3)
  28 demonic crawlers
  19 sirens
  4 fire bats (Depths:2)
  2 ice dragon skeletons
  An iron dragon simulacrum (Crypt:2)
  A raiju (shapeshifter) (Vaults:1)
  3 torpor snails
  A neqoxec (Abyss:4)
  A fire dragon zombie (Crypt:2)
  A frost giant simulacrum (Crypt:1)
  18 guardian serpents
  A chaos spawn (Crypt:4)
  6 giant leeches
  15 wraiths
  A wind drake zombie (Crypt:3)
  A fire dragon skeleton (Crypt:1)
  54 merfolk
  68 black mambas
  3 ettin skeletons
  A dire elephant simulacrum (Crypt:1)
  55 jumping spiders
  27 naga magi
  131 slime creatures
  A hill giant skeleton (Crypt:2)
  25 dryads
  11 fire elementals
  A wyvern (shapeshifter) (Vaults:4)
  An elf simulacrum (Depths:3)
  A harpy simulacrum (Crypt:2)
  20 spiny frogs
  3 hell hounds (Hell)
  A hog (shapeshifter) (Elf:2)
  109 yaktaurs
  2 yaks (shapeshifter)
  10 komodo dragons
  10 bog bodies
  4 golden eyes
  2 ice devils
  A water nymph skeleton (Crypt:2)
  A faun skeleton (Crypt:2)
  Psyche (Orc:7)
  13 tengu conjurers
  9 necrophages
  7 rime drakes
  12 trolls
  A putrid demonspawn skeleton (Crypt:1)
  9 boulder beetles
  11 snapping turtles
  41 water elementals
  A torturous demonspawn skeleton (Crypt:3)
  22 wind drakes
  6 polar bears
  4 shadows
  2 snapping turtle zombies (Crypt:4)
  An elephant zombie (Crypt:4)
  A swamp dragon zombie (Crypt:1)
  A swamp drake (shapeshifter) (Vaults:4)
  A manticore skeleton (Crypt:4)
  176 redbacks
  A snapping turtle skeleton (Crypt:4)
  An ice dragon simulacrum (Crypt:2)
  Prince Ribbit (Lair:2)
  14 swamp worms
  A black bear (shapeshifter) (Vaults:2)
  40 tarantellas
  A rime drake skeleton (Crypt:1)
  32 two-headed ogres
  8 eyes of draining
  6 insubstantial wisps (Swamp:1)
  2 ettin simulacra
  93 spriggans
  30 vampire mosquitoes
  81 blink frogs
  54 yaks
  A komodo dragon skeleton (Crypt:2)
  A cyclops zombie (Crypt:1)
  2 human skeletons
  40 air elementals
  A hungry ghost (D:7)
  3 hogs (Snake:1)
  Duvessa (D:7)
  17 hippogriffs
  5 basilisks
  A yak zombie (Crypt:3)
  9 giant eyeballs
  A cyclops skeleton (Crypt:1)
  2 quasits (Depths:4)
  A queen bee zombie (Crypt:3)
  A shapeshifter zombie (Crypt:3)
  A boulder beetle zombie (Crypt:1)
  4 earth elementals
  3 wyverns
  3 iron imps
  14 swamp drakes
  10 wargs
  4 phantoms
  68 nagas
  6 black bears
  16 water moccasins
  Eustachio (D:4)
  A porcupine skeleton (Crypt:3)
  A sky beast (D:7)
  4 ice beasts
  2 human simulacra
  A jelly (shapeshifter) (Vaults:4)
  A tengu zombie (Crypt:3)
  71 ogres
  An ogre zombie (Hell)
  13 crocodiles
  A mottled dragon skeleton (Crypt:2)
  Jessica (D:2)
  12 mummies (Depths:3)
  Dowan (D:7)
  71 orc warriors
  14 porcupines
  2 ufetubi
  110 wasps
  85 wolves
  19 boggarts
  13 centaurs
  11 giant frogs
  2 wyvern zombies
  A gnoll sergeant (Orc:5)
  A swamp drake skeleton (Crypt:4)
  5 scorpions
  2 giant frog zombies
  A wasp zombie (D:6)
  A centaur skeleton (D:6)
  2 centaur zombies (D:7)
  A gnoll zombie (Crypt:1)
  A ball python zombie (Crypt:2)
  5 crimson imps
  30 electric eels
  Ijyb (D:3)
  2 dart slugs
  5 hounds
  5 howler monkeys
  3 jellies
  53 orc priests
  8 giant geckos
  A gnoll shaman (D:4)
  6 hell rats
  9 iguanas
  339 orcs
  50 orc wizards
  83 sheep
  9 worker ants
  12 adders
  6 giant cockroaches
  13 gnolls
  8 goblins
  12 hobgoblins
  13 jackals
  4 quokkas
  55 river rats
  2 shadow imps
  An adder skeleton (D:4)
  4 adder zombies
  4 ball pythons
  11 bats
  A giant gecko skeleton (D:4)
  5 giant newts
  3 hound zombies
  A howler monkey skeleton (D:6)
  2 howler monkey zombies (D:5)
  2 jackal skeletons (D:4)
  15 kobolds
  2 oozes
  A quokka skeleton (D:4)
  14 rats
  5 worms
  8 briar patches
  5 butterflies
  4 crawling corpses
  14 fungi
  20 plants
  20 snaplasher vines
  5 tentacles (Shoals:4)
5369 creatures vanquished.

Vanquished Creatures (others)
  Margery (Forest:2)
  A fire giant (Vaults:4)
  A deep elf elementalist (Vaults:4)
  A deep elf death mage (Elf:4)
  A spriggan air mage (Depths:6)
  An ogre mage (Vaults:2)
  A merfolk aquamancer (Shoals:2)
  A hell knight (Depths:7)
  A giant orange brain (Depths:6)
  A shadow wraith (Vaults:4)
  2 deep trolls (Vaults:4)
  A phantasmal warrior (Vaults:4)
  An ironbrand convoker (Vaults:4)
  3 necromancers
  6 deep elf magi
  A wizard (Depths:1)
  A hornet (Spider:2)
  3 yaktaurs
  2 orc knights
  3 fire bats (Abyss:3)
  A naga mage (Snake:4)
  A dryad (Forest:3)
  2 boggarts (Depths:2)
  4 redbacks
  A centaur (Vaults:4)
  A small abomination (Abyss:4)
  A quasit (Depths:4)
  A swamp drake (Swamp:1)
  An ogre (Orc:3)
  A wasp (Forest:2)
  An orc priest (Orc:7)
  10 orcs
  An orc wizard (Orc:7)
  A kobold (D:1)
  A rat (D:1)
  3 briar patches (Forest:5)
  3 crawling corpses
  2 fungi
  A lurking horror (Abyss:4)
  24 plants
  453 snaplasher vine segments
  4 tentacles (Shoals:4)
  191 tentacle segments (Shoals:4)
742 creatures vanquished.

Grand Total: 6111 creatures vanquished

Notes
Turn   | Place    | Note
-------+----------+-------------------------------------------
     0 | D:1      | Ihatecarrots00 the Lava Orc Berserker began the quest for the Orb.
     0 | D:1      | Reached XP level 1. HP: 39/39 MP: 100/100
    81 | D:1      | Reached XP level 2. HP: 51/51 MP: 100/100
    90 | D:1      | Reached XP level 3. HP: 63/63 MP: 100/100
   129 | D:1      | Reached ** piety under Trog
   146 | D:1      | Reached skill level 5 in Axes
   261 | D:1      | Reached XP level 4. HP: 76/76 MP: 100/100
   963 | D:2      | Reached *** piety under Trog
  1162 | D:2      | Noticed Jessica
  1183 | D:2      | Killed Jessica
  1269 | D:2      | Found a sparkling altar of Nemelex Xobeh.
  1280 | D:2      | Found a bloodstained altar of Trog.
  1281 | D:2      | Found a basalt altar of Yredelemnul.
  1966 | D:3      | Reached XP level 5. HP: 88/88 MP: 100/100
  2168 | D:3      | Noticed Ijyb
  2175 | D:3      | Reached **** piety under Trog
  2179 | D:3      | Killed Ijyb
  3103 | D:4      | Noticed Eustachio
  3130 | D:4      | Killed Eustachio
  3543 | D:4      | Reached skill level 5 in Fighting
  3543 | D:4      | Reached XP level 6. HP: 90/100 MP: 100/100
  3580 | D:4      | Reached ***** piety under Trog
  3657 | D:4      | Found an iron altar of Okawaru.
  4586 | D:5      | Entered Level 5 of the Dungeon
  4758 | D:5      | Found an opulent altar of Gozag.
  5303 | D:6      | Received a gift from Trog
  5352 | D:6      | Found Ygepp's Antique Weapon Emporium.
  5387 | D:6      | Found Zyqafuf's Antique Armour Boutique.
  5719 | D:6      | Reached XP level 7. HP: 112/112 MP: 100/100
  5768 | D:6      | Got an encrusted plate armour
  5779 | D:6      | Identified the +10 plate armour "Xecvy" {rCorr Str+2} (You found it on level 6 of the Dungeon)
  5786 | D:6      | Found a sparkling altar of Nemelex Xobeh.
  6580 | D:6      | Found Ezeacim's Book Emporium.
  6880 | D:7      | Entered Level 7 of the Dungeon
  6951 | D:7      | Found a staircase to the Lair.
  6962 | D:7      | Noticed Dowan
  6963 | D:7      | Noticed Duvessa
  6966 | D:7      | Killed Dowan
  6970 | D:7      | Killed Duvessa
  7231 | D:7      | Received a gift from Trog
  7733 | D:7      | Reached XP level 8. HP: 123/123 MP: 100/100
  8575 | Lair:1   | Entered Level 1 of the Lair of Beasts
  9053 | Lair:1   | Found a sparkling altar of Nemelex Xobeh.
  9059 | Lair:1   | Reached XP level 9. HP: 135/135 MP: 100/100
  9614 | Lair:1   | Reached ****** piety under Trog
 10384 | Lair:2   | Noticed Prince Ribbit
 10394 | Lair:2   | Killed Prince Ribbit
 10597 | Lair:2   | Reached skill level 5 in Armour
 10629 | Lair:2   | Received a gift from Trog
 10635 | Lair:2   | Reached XP level 10. HP: 144/146 MP: 100/100
 11536 | Lair:3   | Noticed Urug
 11543 | Lair:3   | Killed Urug
 12514 | Lair:4   | Found a labyrinth entrance.
 12522 | Lair:4   | Noticed a death yak
 12523 | Lair:4   | Noticed a death yak
 12523 | Lair:4   | Noticed a death yak
 12523 | Lair:4   | Noticed a death yak
 12523 | Lair:4   | Noticed a death yak
 12524 | Lair:4   | Noticed a death yak
 12529 | Lair:4   | Killed a death yak
 12529 | Lair:4   | Reached XP level 11. HP: 153/157 MP: 100/100
 12590 | Lair:4   | Noticed a two-headed hydra
 12604 | Lair:4   | Killed a nine-headed hydra
 12604 | Lair:4   | Reached skill level 5 in Dodging
 13658 | Lair:4   | Found a staircase to the Swamp.
 14559 | Lair:5   | Reached XP level 12. HP: 169/169 MP: 100/100
 14560 | Lair:5   | Received a gift from Trog
 14742 | Lair:5   | Received a gift from Trog
 14869 | Lair:5   | Found a staircase to the Shoals.
 15386 | Lair:6   | Reached XP level 13. HP: 127/181 MP: 100/100
 15480 | Lair:6   | Received a gift from Trog
 15558 | Lair:6   | Found a staircase to the Snake Pit.
 15690 | Lair:6   | Reached XP level 14. HP: 175/190 MP: 100/100
 15790 | Lair:6   | Reached skill level 10 in Axes
 15799 | Lair:6   | Reached skill level 10 in Fighting
 15882 | Lair:6   | Got a bloodstained demon blade
 15883 | Lair:6   | Identified the +4 demon blade "Juacog" {flame, rF+ rC+ MP+25 Stlth-} (You found it on level 6 of the Lair of Beasts)
 16064 | Lair:6   | Received a gift from Trog
 16191 | Lair:6   | Reached skill level 1 in Long Blades
 17071 | Lair:6   | Reached skill level 2 in Long Blades
 17681 | Lair:7   | Entered Level 7 of the Lair of Beasts
 17717 | Lair:7   | Reached skill level 3 in Long Blades
 17827 | Lair:7   | Reached skill level 4 in Long Blades
 18017 | Lair:7   | Reached XP level 15. HP: 201/201 MP: 100/100
 18063 | Lair:7   | Received a gift from Trog
 18066 | Lair:7   | Got a brightly glowing battleaxe {god gift}
 18068 | Lair:7   | Identified the +5 battleaxe of the Blessed Realm {feather, rElec rC++ Dex-3 SInv} (Trog gifted it to you on level 7 of the Lair of Beasts)
 18697 | Lair:7   | Reached skill level 5 in Long Blades
 18917 | Lair:7   | Found a staircase to the Orcish Mines.
 19307 | Lair:7   | Reached skill level 6 in Long Blades
 19391 | Lair:7   | Received a gift from Trog
 20057 | Orc:1    | Entered Level 1 of the Orcish Mines
 20209 | Orc:1    | Found a roughly hewn altar of Beogh.
 20296 | Orc:1    | Received a gift from Trog
 20771 | Orc:2    | Found a staircase to the Dwarven Fortress.
 20783 | Orc:2    | Found a staircase to the Elven Halls.
 20786 | Orc:2    | Found a roughly hewn altar of Beogh.
 21095 | Orc:3    | Found Poxaotusa's Assorted Antiques.
 21125 | Orc:3    | Reached skill level 7 in Long Blades
 21135 | Orc:3    | Bought a scroll of magic mapping for 98 gold pieces
 21135 | Orc:3    | Bought the +3 warlock's mirror {reflect} for 798 gold pieces
 21204 | Orc:3    | Noticed Harold
 21209 | Orc:3    | Received a gift from Trog
 21210 | Orc:3    | Found Jyci Zam's Antique Armour Shoppe.
 21216 | Orc:3    | Killed Harold
 21216 | Orc:3    | Reached skill level 1 in Crossbows
 21245 | Orc:3    | Found Boifumi's Antique Weapon Emporium.
 21313 | Orc:3    | Bought a warped trident for 280 gold pieces
 21328 | Orc:3    | Found a hole to the Spider Nest.
 21629 | Orc:3    | Found Xuyfyll's Jewellery Boutique.
 21638 | Orc:3    | Bought a +4 ring of strength for 405 gold pieces
 21638 | Orc:3    | Bought a +6 ring of intelligence for 877 gold pieces
 21739 | Orc:3    | Reached skill level 10 in Armour
 21802 | Orc:3    | Found Abudoxuyc's Gadget Emporium.
 21951 | Orc:3    | Received a gift from Trog
 21965 | Orc:3    | Found Taggaunk's Assorted Antiques.
 22257 | Orc:4    | Noticed Maud
 22273 | Orc:4    | Received a gift from Trog
 22280 | Orc:4    | Killed Maud
 22280 | Orc:4    | Reached XP level 16. HP: 185/212 MP: 100/100
 22365 | Orc:4    | Found a roughly hewn altar of Beogh.
 23048 | Orc:5    | Found a roughly hewn altar of Beogh.
 23074 | Orc:5    | Received a gift from Trog
 23325 | Orc:6    | Paralysed by an orc sorcerer for 3 turns
 23697 | Orc:6    | Reached skill level 8 in Long Blades
 23992 | Orc:7    | Entered Level 7 of the Orcish Mines
 24029 | Orc:7    | Received a gift from Trog
 24141 | Orc:7    | Found a staircase to the Enchanted Forest.
 24453 | Orc:7    | Found a roughly hewn altar of Beogh.
 24454 | Orc:7    | Found Jenizaz's Weapon Shoppe.
 24458 | Orc:7    | Found Beyghi's Assorted Antiques.
 24839 | Orc:7    | Received a gift from Trog
 24923 | Orc:7    | Paralysed by an orc sorcerer for 6 turns
 25036 | Orc:7    | Noticed Psyche
 25045 | Orc:7    | Killed Psyche
 25057 | Orc:7    | Found a roughly hewn altar of Beogh.
 25222 | Orc:7    | Reached XP level 17. HP: 233/233 MP: 100/100
 25227 | Orc:7    | Found Qusin's Antique Armour Shoppe.
 25479 | Orc:7    | Bought a scroll of enchant armour for 315 gold pieces
 25825 | Orc:7    | Found Jozapoga's Antique Weapon Boutique.
 26037 | Forest:1 | Entered Level 1 of the Enchanted Forest
 26077 | Forest:1 | Noticed Aizul
 26108 | Forest:1 | Killed Aizul
 26108 | Forest:1 | Reached skill level 9 in Long Blades
 26174 | Forest:1 | Received a gift from Trog
 26177 | Forest:1 | Got a polished executioner's axe {god gift}
 26183 | Forest:1 | Identified the +2 executioner's axe of Beast's Regret {chop, MR++} (Trog gifted it to you on level 1 of the Enchanted Forest)
 26949 | Forest:1 | Reached skill level 5 in Crossbows
 26985 | Forest:1 | Received a gift from Trog
 28766 | Forest:2 | Found a basalt altar of Yredelemnul.
 28872 | Forest:2 | Reached skill level 10 in Long Blades
 28915 | Forest:2 | Paralysed by a giant eyeball for 4 turns
 28996 | Forest:2 | Got a scintillating bone ring
 29144 | Forest:2 | Found an iron altar of Okawaru.
 29241 | Forest:2 | Received a gift from Trog
 29268 | Forest:2 | Noticed Margery
 29280 | Forest:2 | Killed Margery
 29280 | Forest:2 | Reached XP level 18. HP: 178/245 MP: 100/100
 29292 | Forest:2 | Reached skill level 11 in Long Blades
 29296 | Forest:2 | Received a gift from Trog
 29350 | Forest:2 | Got a heavily runed ivory ring
 29459 | Forest:2 | Found a gate to the Vaults.
 29525 | Forest:2 | Received a gift from Trog
 29554 | Forest:2 | Noticed Sojobo
 29578 | Forest:2 | Killed Sojobo
 29598 | Forest:2 | Got a ring of the Octopus King
 30438 | Forest:3 | Reached skill level 12 in Long Blades
 30682 | Forest:3 | Received a gift from Trog
 32001 | Forest:3 | Found a runed door.
 32001 | Forest:3 | Found a viscous altar of Jiyva.
 32001 | Forest:3 | Found a staircase to the Slime Pits.
 33405 | Forest:4 | Reached skill level 13 in Long Blades
 33405 | Forest:4 | Reached XP level 19. HP: 130/257 MP: 100/100
 33433 | Forest:4 | Found a staircase to the Crypt.
 33472 | Forest:4 | Received a gift from Trog
 33686 | Forest:4 | Found a shimmering altar of Xom.
 35652 | Forest:5 | Received a gift from Trog
 35795 | Forest:5 | Received a gift from Trog
 36800 | Forest:5 | Reached skill level 10 in Dodging
 37028 | Forest:5 | Reached skill level 14 in Long Blades
 37439 | Forest:5 | Received a gift from Trog
 38781 | Forest:6 | Reached skill level 15 in Fighting
 39157 | Forest:6 | Noticed a giant centipede
 39213 | Forest:6 | Killed a giant centipede
 39213 | Forest:6 | Reached skill level 15 in Long Blades
 39516 | Forest:6 | Received a gift from Trog
 39649 | Forest:6 | Reached XP level 20. HP: 269/269 MP: 100/100
 42017 | Forest:7 | Entered Level 7 of the Enchanted Forest
 42374 | Forest:7 | Received a gift from Trog
 42400 | Forest:7 | Received a gift from Trog
 43099 | Forest:7 | Noticed the Enchantress
 43143 | Forest:7 | Killed the Enchantress
 43143 | Forest:7 | Reached skill level 16 in Long Blades
 43416 | Forest:7 | Found a staircase to the Depths.
 43562 | Forest:7 | Noticed Wiglaf
 43570 | Forest:7 | Killed Wiglaf
 43570 | Forest:7 | Received a gift from Trog
 44132 | Forest:7 | Noticed a giant centipede
 44166 | Forest:7 | Killed a giant centipede
 45323 | Depths:1 | Entered Level 1 of the Depths
 45866 | Snake:1  | Entered Level 1 of the Snake Pit
 46026 | Snake:1  | Found Waewung's Magic Scroll Boutique.
 46029 | Snake:1  | Bought a scroll of teleportation for 39 gold pieces
 46029 | Snake:1  | Bought a scroll of blinking for 97 gold pieces
 46118 | Snake:1  | Found Oskoogiu's Assorted Antiques.
 46125 | Snake:1  | Found Uxtoq's Jewellery Boutique.
 46126 | Snake:1  | Bought a pair of crude boots for 323 gold pieces
 46131 | Snake:1  | Identified the cursed +0 pair of boots "Hin Vasm" {RegenHP+ rCorr SInv} (You bought it in a shop on level 1 of the Snake Pit)
 46142 | Snake:1  | Found Wyug's Antique Armour Emporium.
 46282 | Snake:1  | Noticed Kirke
 46290 | Snake:1  | Killed Kirke
 46291 | Snake:1  | Found Anti's Armour Boutique.
 46500 | Snake:1  | Found Loukkeg's Weapon Boutique.
 47106 | Snake:2  | Found Kuplug's Distillery.
 47132 | Snake:2  | Bought a potion of heal wounds for 88 gold pieces
 47232 | Snake:2  | Received a gift from Trog
 47485 | Snake:2  | Reached XP level 21. HP: 226/281 MP: 100/100
 47766 | Snake:2  | Reached skill level 15 in Armour
 47999 | Snake:2  | Reached skill level 17 in Long Blades
 48006 | Snake:2  | Received a gift from Trog
 48239 | Snake:2  | Found Ipnewn's Jewellery Boutique.
 48248 | Snake:2  | Bought the ring "Warr" {Slay+3 SInv} for 1011 gold pieces
 48389 | Snake:2  | Found Antaq's Distillery.
 48401 | Snake:2  | Bought a potion of cure mutation for 375 gold pieces
 48439 | Snake:2  | Found Exkal's Magic Scroll Boutique.
 48570 | Snake:2  | Bought 3 scrolls of enchant armour for 315 gold pieces
 48570 | Snake:2  | Bought a scroll of holy word for 105 gold pieces
 48570 | Snake:2  | Bought a scroll of teleportation for 42 gold pieces
 48570 | Snake:2  | Bought a scroll of teleportation for 42 gold pieces
 48570 | Snake:2  | Bought a scroll of summoning for 133 gold pieces
 49680 | Snake:3  | Received a gift from Trog
 49904 | Snake:3  | Found Mahegan's Magic Scroll Shop.
 49912 | Snake:3  | Bought a scroll of enchant weapon for 112 gold pieces
 49912 | Snake:3  | Bought a scroll of enchant armour for 112 gold pieces
 51103 | Snake:4  | Entered Level 4 of the Snake Pit
 51103 | Snake:4  | Found Ukuc's Jewellery Shop.
 51125 | Snake:4  | Bought the amulet "Feog" {RegenSP rF++ Str+3 Dex+3 SP+25} for 939 gold pieces
 51140 | Snake:4  | Found Qacimp's General Store.
 51155 | Snake:4  | Found Kuagent's Armour Shoppe.
 51566 | Snake:4  | Received a gift from Trog
 51654 | Snake:4  | Received a gift from Trog
 52009 | Snake:4  | Got a serpentine rune of Zot
 52151 | Snake:4  | Got a warped hand crossbow {god gift}
 52318 | Snake:4  | Reached skill level 18 in Long Blades
 52561 | Snake:4  | Found Siemamuv's Assorted Antiques.
 52572 | Snake:4  | Bought a scroll of enchant weapon for 277 gold pieces
 53240 | Spider:1 | Entered Level 1 of the Spider Nest
 53285 | Spider:1 | Received a gift from Trog
 53972 | Spider:1 | Received a gift from Trog
 54144 | Spider:1 | Reached XP level 22. HP: 293/293 MP: 100/100
 55044 | Spider:2 | Noticed Asterion
 55060 | Spider:2 | Killed Asterion
 55334 | Spider:2 | Received a gift from Trog
 55975 | Spider:3 | Received a gift from Trog
 55978 | Spider:3 | Got a pitted double sword {god gift}
 56060 | Spider:3 | Reached skill level 10 in Crossbows
 56354 | Spider:3 | Received a gift from Trog
 56667 | Spider:3 | Reached skill level 19 in Long Blades
 56992 | Spider:4 | Entered Level 4 of the Spider Nest
 57052 | Spider:4 | Received a gift from Trog
 57204 | Spider:4 | Noticed Mara
 57209 | Spider:4 | Noticed Ihatecarrots00's illusion
 57212 | Spider:4 | Killed Mara
 57218 | Spider:4 | Got an ichor-stained great sword
 57219 | Spider:4 | Identified the +6 great sword of Ykadghiho {slice, rPois rC+ Dex+2 Stlth+} (You found it on level 4 of the Spider Nest)
 57701 | Spider:4 | Received a gift from Trog
 57746 | Spider:4 | Received a gift from Trog
 58015 | Spider:4 | Got a gossamer rune of Zot
 59044 | Shoals:1 | Entered Level 1 of the Shoals
 59231 | Shoals:1 | Found Bawn's Antique Armour Boutique.
 59263 | Shoals:1 | Bought a glowing helmet for 144 gold pieces
 59301 | Shoals:1 | Received a gift from Trog
 60205 | Shoals:2 | Found Vanud's Book Shop.
 60294 | Shoals:2 | Noticed Polyphemus
 60310 | Shoals:2 | Killed Polyphemus
 60356 | Shoals:2 | Reached skill level 20 in Long Blades
 60358 | Shoals:2 | Received a gift from Trog
 60456 | Shoals:2 | Reached XP level 23. HP: 297/305 MP: 100/100
 60462 | Shoals:2 | Received a gift from Trog
 60527 | Shoals:2 | Found Soamul's Weapon Shop.
 60613 | Shoals:2 | Found Ahisi's Magic Scroll Shop.
 60634 | Shoals:2 | Bought a scroll of enchant armour for 112 gold pieces
 60684 | Shoals:2 | Found Botoh's General Store.
 60697 | Shoals:2 | Bought a scroll of blinking for 75 gold pieces
 60863 | Shoals:2 | Found Ozxoidd's General Store.
 60870 | Shoals:2 | Found Zorusaat's General Store.
 61678 | Shoals:3 | Noticed Roxanne
 61695 | Shoals:3 | Killed Roxanne
 61884 | Shoals:3 | Received a gift from Trog
 62132 | Shoals:4 | Entered Level 4 of the Shoals
 62175 | Shoals:4 | Noticed Donald
 62184 | Shoals:4 | Killed Donald
 62190 | Shoals:4 | Received a gift from Trog
 62663 | Shoals:4 | Got a polished battleaxe
 62825 | Shoals:4 | Identified a scroll of acquirement
 62828 | Shoals:4 | Received a gift from Trog
 62858 | Shoals:4 | Noticed Ilsuiw
 62867 | Shoals:4 | Killed Ilsuiw
 62902 | Shoals:4 | Received a gift from Trog
 63119 | Shoals:4 | Got a barnacled rune of Zot
 63471 | Swamp:1  | Entered Level 1 of the Swamp
 63895 | Swamp:1  | Received a gift from Trog
 63906 | Swamp:1  | Got a slimy battleaxe {god gift}
 66967 | Swamp:3  | Reached skill level 21 in Long Blades
 68223 | Swamp:4  | Entered Level 4 of the Swamp
 68363 | Swamp:4  | Received a gift from Trog
 68484 | Swamp:4  | Noticed the 27-headed Lernaean hydra
 68488 | Swamp:4  | Killed the 26-headed Lernaean hydra
 68491 | Swamp:4  | Received a gift from Trog
 68560 | Swamp:4  | Got a decaying rune of Zot
 69294 | Elf:1    | Entered Level 1 of the Elven Halls
 69544 | Elf:1    | Got a scintillating golden ring
 69546 | Elf:1    | Identified the ring "Xevearur" {SustAt rN+} (You acquired it on level 1 of the Elven Halls)
 69592 | Elf:1    | Received a gift from Trog
 69698 | Elf:1    | Received a gift from Trog
 70330 | Elf:1    | Reached XP level 24. HP: 318/318 MP: 100/100
 70620 | Elf:2    | Received a gift from Trog
 71028 | Elf:2    | Reached skill level 22 in Long Blades
 71041 | Elf:2    | Found a runed gate.
 71041 | Elf:2    | Found a runed gate.
 71042 | Elf:2    | Found a runed gate.
 71768 | Elf:3    | Received a gift from Trog
 72086 | Elf:3    | Identified the +7 battleaxe "Afain" {feather, MP+25 SInv} (You found it on level 4 of the Shoals)
 72250 | Elf:3    | Received a gift from Trog
 72295 | Elf:3    | Got a polished arbalest {god gift}
 72514 | Elf:3    | Paralysed by an orc sorcerer for 3 turns
 73350 | Elf:3    | Received a gift from Trog
 73625 | Elf:4    | Entered Level 4 of the Elven Halls
 73780 | Elf:4    | Received a gift from Trog
 73825 | Elf:4    | Found Dumurr's General Store.
 73979 | Elf:4    | Received a gift from Trog
 74063 | Elf:4    | Received a gift from Trog
 74086 | Elf:4    | Found Daxzeath's Assorted Antiques.
 74316 | Elf:4    | Reached skill level 23 in Long Blades
 74360 | Elf:4    | Received a gift from Trog
 74614 | Elf:4    | Got a coiled platinum amulet
 74625 | Elf:4    | Got an elven rune of Zot
 74727 | Elf:4    | Got a heavily runed cloak
 75168 | Shoals:2 | Bought the +15 Maxwell's patent armour {-Cast -Tele rElec MR+ rCorr} for 1718 gold pieces
 75168 | Shoals:2 | Identified the +2 cloak "Janiru" {rPois} (You found it on level 4 of the Elven Halls)
 75489 | Vaults:1 | Entered Level 1 of the Vaults
 75886 | Vaults:1 | Received a gift from Trog
 76302 | Vaults:1 | Received a gift from Trog
 76308 | Vaults:1 | Reached XP level 25. HP: 315/330 MP: 100/100
 76317 | Vaults:1 | Received a gift from Trog
 76605 | Vaults:1 | Reached skill level 15 in Crossbows
 76752 | Vaults:1 | Paralysed by an ogre mage for 2 turns
 76905 | Vaults:1 | Received a gift from Trog
 77462 | Vaults:2 | Received a gift from Trog
 78025 | Vaults:2 | Noticed Nikola
 78042 | Vaults:2 | Killed Nikola
 78601 | Vaults:2 | Reached skill level 24 in Long Blades
 78652 | Vaults:2 | Received a gift from Trog
 79744 | Vaults:3 | Reached skill level 15 in Dodging
 79989 | Vaults:3 | Found Fyclo's Armour Emporium.
 80016 | Vaults:3 | Found Liump's Armour Emporium.
 80019 | Vaults:3 | Found Tittiad's Assorted Antiques.
 80057 | Vaults:3 | Bought a scroll of holy word for 232 gold pieces
 80303 | Vaults:3 | Received a gift from Trog
 80816 | Vaults:4 | Entered Level 4 of the Vaults
 80889 | Vaults:4 | Noticed an ancient lich
 80890 | Vaults:4 | Received a gift from Trog
 80907 | Vaults:4 | HP: 2/330 [stone giant (34)]
 80971 | Vaults:4 | Killed an ancient lich
 80971 | Vaults:4 | Reached skill level 25 in Long Blades
 80971 | Vaults:4 | Received a gift from Trog
 80971 | Vaults:4 | Received a gift from Trog
 80971 | Vaults:4 | Reached XP level 26. HP: 214/342 MP: 87/100
 80971 | Vaults:4 | Received a gift from Trog
 81717 | Vaults:4 | Got a silver rune of Zot
 81728 | Vaults:4 | Got a brightly glowing storm dragon armour
 81738 | Vaults:4 | Identified the +3 storm dragon armour of Grace {rElec Int+2} (You found it on level 4 of the Vaults)
 82144 | Vaults:4 | Got a faintly glowing plate armour
 82145 | Vaults:4 | Identified the +2 plate armour "Tores" {RegenHP+ rCorr Stlth+} (You found it on level 4 of the Vaults)
 82227 | Vaults:4 | Received a gift from Trog
 82277 | Vaults:4 | Got a warped scimitar {god gift}
 82278 | Vaults:4 | Identified the +5 scimitar of Trog's Castigation {feather, rPois} (Trog gifted it to you on level 4 of the Vaults)
 82961 | Slime:1  | Entered Level 1 of the Pits of Slime
 83296 | Slime:2  | Gained mutation: You have sharp toenails. [a shining eye]
 83298 | Slime:2  | Gained mutation: You are clumsy. (Dex -2) [a shining eye]
 83302 | Slime:2  | Received a gift from Trog
 83306 | Slime:2  | Gained mutation: Armour fits poorly on your strangely shaped body. [a shining eye]
 83318 | Slime:2  | Lost mutation: Armour fits poorly on your strangely shaped body. [potion of cure mutation]
 83318 | Slime:2  | Lost mutation: You are clumsy. (Dex -2) [potion of cure mutation]
 83450 | Slime:2  | Gained mutation: You are weak. (Str -2) [a shining eye]
 83451 | Slime:2  | Gained mutation: Your body sometimes deteriorates upon taking damage. [a shining eye]
 83456 | Slime:2  | Gained mutation: Your mind is acute. (Int +2) [a shining eye]
 83500 | Slime:3  | Reached skill level 26 in Long Blades
 83889 | Slime:4  | Entered Level 4 of the Pits of Slime
 84016 | Slime:4  | Gained mutation: You are very weak. (Str -4) [a shining eye]
 84029 | Slime:4  | Noticed the Royal Jelly
 84031 | Slime:4  | Received a gift from Trog
 84045 | Slime:4  | Killed the Royal Jelly
 84092 | Slime:4  | Gained mutation: You occasionally shout uncontrollably at your foes. [a shining eye]
 84099 | Slime:4  | Gained mutation: Your body often deteriorates upon taking damage. [a shining eye]
 84121 | Slime:4  | Gained mutation: You regenerate stamina slowly. [a shining eye]
 84174 | Slime:4  | Got a slimy rune of Zot
 84207 | Slime:4  | Received a gift from Trog
 84258 | Slime:4  | Gained mutation: You are slightly more likely to lose good mutations. [a shining eye]
 84285 | Slime:4  | Gained mutation: You regenerate health slowly. [a shining eye]
 84310 | Slime:4  | Got a glittering copper ring
 85396 | Crypt:1  | Entered Level 1 of the Crypt
 85419 | Crypt:1  | Noticed Mennas
 85421 | Crypt:1  | Reached skill level 1 in Throwing
 85438 | Crypt:1  | Killed Mennas
 85998 | Crypt:1  | Found a basalt altar of Yredelemnul.
 86165 | Crypt:1  | Found an ancient bone altar of Kikubaaqudgha.
 86180 | Crypt:1  | Got a bound iron amulet
 86186 | Crypt:1  | Got a crude brass amulet
 86201 | Crypt:1  | Identified the amulet of Ilacyeh {rElec RegenHP+ Int+2} (You found it on level 1 of the Crypt)
 86202 | Crypt:1  | Identified the amulet of Bayppucu {rElec MR+ RegenHP+} (You found it on level 1 of the Crypt)
 86533 | Crypt:2  | Received a gift from Trog
 86560 | Crypt:2  | Reached skill level 27 in Long Blades
 86938 | Crypt:2  | Cast into level 3 of the Abyss (a lich)
 86944 | Abyss:3  | Found a corrupted altar of Lugonu.
 86995 | Abyss:3  | Found a corrupted altar of Lugonu.
 87055 | Abyss:3  | Found a corrupted altar of Lugonu.
 87166 | Abyss:3  | Found a corrupted altar of Lugonu.
 87242 | Abyss:4  | Found a corrupted altar of Lugonu.
 88033 | Crypt:2  | Escaped the Abyss
 88238 | Crypt:2  | Noticed Bai Suzhen
 88264 | Crypt:2  | Reached XP level 27. HP: 354/354 MP: 100/100
 88269 | Crypt:2  | Killed Bai Suzhen
 89087 | Crypt:3  | Reached skill level 5 in Throwing
 90474 | Crypt:4  | Entered Level 4 of the Crypt
 90651 | Crypt:4  | Noticed Frederick
 90657 | Crypt:4  | Killed Frederick
 90849 | Crypt:4  | Found a runed gate.
 90849 | Crypt:4  | Found a runed gate.
 91024 | Crypt:4  | Received a gift from Trog
 91144 | Crypt:4  | Found a basalt altar of Yredelemnul.
 91268 | Crypt:4  | Got a slimy platinum ring
 91268 | Crypt:4  | Got an ancient ivory ring
 91268 | Crypt:4  | Got a wavering platinum ring
 91270 | Crypt:4  | Got a creeping rune of Zot
 92100 | Crypt:4  | Reached skill level 28 in Long Blades
 92233 | Crypt:4  | Found a runed gate.
 93612 | Depths:1 | Received a gift from Trog
 94605 | Depths:1 | Found a gateway to Hell.
 94802 | Depths:2 | Received a gift from Trog
 95045 | Depths:2 | Found a magical portal.
 95115 | Depths:2 | Received a gift from Trog
 95233 | Depths:2 | Paralysed by a great orb of eyes for 4 turns
 95770 | Depths:2 | Reached XP level 28. HP: 345/366 MP: 100/100
 95795 | Depths:2 | Received a gift from Trog
 95878 | Depths:2 | Received a gift from Trog
 96818 | Depths:2 | Received a gift from Trog
 97242 | Depths:3 | Reached skill level 29 in Long Blades
 97552 | Depths:3 | Found a staircase to the Tomb.
 97612 | Depths:3 | Found a one-way gate leading to the halls of Pandemonium.
 97616 | Depths:3 | Reached skill level 10 in Throwing
 98088 | Depths:3 | Received a gift from Trog
 99125 | Depths:3 | Received a gift from Trog
 99306 | Depths:3 | Found Namus's Book Emporium.
 99416 | Depths:3 | Received a gift from Trog
 99953 | Depths:4 | Found a one-way gate to the infinite horrors of the Abyss.
 99990 | Depths:4 | Received a gift from Trog
100010 | Depths:4 | Received a gift from Trog
100266 | Depths:4 | Got a smoking iron amulet
100268 | Depths:4 | Identified the amulet "Qextucvu" {Dismiss rN+} (You acquired it on level 4 of the Depths)
100269 | Depths:4 | Identified the ring of Ruczotri {rN+ Dex+5} (You found it on level 4 of the Crypt)
100270 | Depths:4 | Identified the ring "Esaidaf" {rPois rC+ rN+ Int+3} (You found it on level 4 of the Crypt)
100271 | Depths:4 | Identified the ring of the Philosopher {rN+ Dex+4} (You found it on level 4 of the Crypt)
100433 | Depths:4 | Received a gift from Trog
100789 | Depths:4 | Received a gift from Trog
101542 | Depths:5 | Reached skill level 30 in Long Blades
101557 | Depths:5 | Paralysed by a sphinx for 5 turns
101558 | Depths:5 | Noticed Louise
101572 | Depths:5 | Killed Louise
101583 | Depths:5 | Received a gift from Trog
101613 | Depths:5 | Received a gift from Trog
101922 | Depths:5 | Received a gift from Trog
102468 | Depths:5 | Paralysed by a giant eyeball for 3 turns
102651 | Depths:5 | Reached XP level 29. HP: 279/378 MP: 100/100
103304 | Depths:5 | Found a shattered altar of Ashenzari.
103505 | Depths:5 | Received a gift from Trog
103891 | Depths:5 | Paralysed by a sphinx for 3 turns
105138 | Depths:6 | Received a gift from Trog
105231 | Depths:6 | Received a gift from Trog
105657 | Depths:6 | Noticed Saint Roka
105672 | Depths:6 | Killed Saint Roka
105818 | Depths:6 | Received a gift from Trog
106066 | Depths:6 | Reached skill level 31 in Long Blades
106159 | Depths:6 | Received a gift from Trog
106884 | Depths:7 | Entered Level 7 of the Depths
107172 | Depths:7 | Received a gift from Trog
107337 | Depths:7 | Found a gate to the Realm of Zot.
107761 | Depths:7 | Received a gift from Trog
107996 | Depths:7 | Found a glowing golden altar of the Shining One.
108448 | Depths:7 | Received a gift from Trog
108865 | Depths:7 | Found a gateway to a ziggurat.
110126 | Hell     | Entered the Vestibule of Hell
110126 | Hell     | Noticed Geryon
110154 | Hell     | Killed Geryon
110208 | Hell     | Received a gift from Trog
110212 | Hell     | HP: 29/371 [soul eater/drain life (29)]
110212 | Hell     | HP: 6/371 [soul eater/drain life (23)]
110212 | Hell     | Killed from afar by a soul eater

Skill      XL: |  1  2  3  4  5  6  7  8  9 10 11 12 13 14 15 16 17 18 19 20 21 22 23 24 25 26 27 28 29 |
---------------+----------------------------------------------------------------------------------------+-----
Axes           | 5 6 7 8 9 10 | 10.2
Dodging        | 2 3 4 5 6 7 8 9 10 11 12 13 14 15 16 17 18 | 18.9
Armour         | 3 4 5 6 7 8 9 10 11 12 13 14 15 16 17 19 20 21 22 23 24 | 24.4
Fighting       | 5 6 7 8 9 10 11 12 13 14 15 16 17 18 19 20 21 22 24 25 26 | 26.4
Long Blades    | 4 7 8 10 13 15 16 18 20 21 23 25 27 28 30 31 | 31.9
Crossbows      | 1 4 5 7 9 11 13 14 16 18 19 21 22 | 22.3
Throwing       | 4 9 12 14 | 14.8

Action                   |  1- 3 |  4- 6 |  7- 9 | 10-12 | 13-15 | 16-18 | 19-21 | 22-24 | 25-27 | 28-30 || total
-------------------------+-------+-------+-------+-------+-------+-------+-------+-------+-------+-------++-------
Melee: Hand axe          |    70 |   288 |       |       |       |       |       |       |       |       ||   358
       War axe           |       |   294 |       |       |       |       |       |       |       |       ||   294
       Executioner's axe |       |    29 |   293 |   325 |   107 |       |       |       |       |       ||   754
       Demon blade       |       |       |       |       |  1310 |  2045 |   873 |       |       |       ||  4228
       Triple sword      |       |       |       |       |       |       |  1414 |  2279 |  3226 |  2632 ||  9551
       Great sword       |       |       |       |       |       |       |       |   299 |       |       ||   299
 Fire: Arbalest          |       |       |       |       |       |       |    48 |       |       |       ||    48
Invok: Berserk           |       |       |       |     1 |       |     2 |    17 |    17 |     8 |    15 ||    60
       Burn Spellbooks   |       |       |       |       |       |       |     1 |       |     9 |     4 ||    14
       Trog's Hand       |       |       |       |       |       |       |       |       |     2 |       ||     2
Evoke: Wand              |       |       |       |       |       |       |       |       |    10 |     2 ||    12
       Disc of storms    |       |       |       |       |       |       |       |       |     1 |       ||     1
  Use: Scroll            |       |       |       |    17 |     2 |    10 |    27 |    10 |    33 |    26 ||   125
       Potion            |       |       |       |       |       |     8 |     5 |     9 |    24 |    14 ||    60
 Stab: Sleeping          |       |       |       |       |     2 |     1 |       |     2 |     1 |       ||     6
       Petrifying        |       |       |       |       |       |       |       |     1 |       |       ||     1
       Petrified         |       |       |       |       |       |       |       |     1 |       |       ||     1
Armor: Animal skin       |    10 |       |       |       |       |       |       |       |       |       ||    10
       Leather armour    |     1 |    70 |       |       |       |       |       |       |       |       ||    71
       Chain mail        |       |   272 |       |       |       |       |       |       |       |       ||   272
       Ring mail         |       |    15 |       |       |       |       |       |       |       |       ||    15
       Plate armour      |       |       |   286 |   374 |   887 |  1180 |  1634 |  2047 |  2243 |   703 ||  9354
       Skin              |       |       |       |       |       |       |       |       |    10 |       ||    10
       Gold dragon armou |       |       |       |       |       |       |       |       |       |   958 ||   958
Dodge: Dodged            |    45 |   294 |   192 |   266 |   625 |   732 |   929 |  1871 |  1812 |  1132 ||  7898
Block: Large shield      |    83 |   590 |       |       |       |       |   859 |       |       |       ||  1532
       Buckler           |       |       |       |       |    45 |   258 |       |       |       |       ||   303
       Reflection        |       |       |       |       |     6 |    15 |       |       |       |       ||    21
